 Dungeon Crawl Stone Soup version 0.31-a0-161-gb58dd9be76 (webtiles) character file.

Game seed: 17814430978581864451

1904 qw the Cleaver (level 9, -4/49 HPs)
             Began as a Gargoyle Fighter on June 12, 2023.
             Slain by an orc warrior
             ... wielding a +0 battleaxe
              (15 damage)
             ... on level 7 of the Dungeon.
             The game lasted 00:03:02 (4881 turns).

qw the Cleaver (Gargoyle Fighter)                   Turns: 4881, Time: 00:03:03

Health: -4/49      AC: 24    Str: 24    XL:     9   Next: 15%
Magic:  9/9        EV:  7    Int:  9    God:
Gold:   317        SH:  4    Dex:  9    Spells: 8/8 levels left

rFire   . . .        h - +0 war axe (vamp)
rCold   . . .        c - +0 buckler
rNeg    + . .        l - +3 plate armour
rPois   inf          (no helmet)
rElec   +            (no cloak)
rCorr   .            f - +0 pair of gloves
SInv    .            n - +0 pair of boots
Will    .....        (no amulet) Stlth
                     (no ring)
HPRegen 0.28/turn    (no ring)
MPRegen 0.11/turn

%: no passive effects
@: no status effects
A: sickness immunity, AC +6, negative energy resistance 1, electricity
resistance, torment resistance 1, petrification resistance, hooves 1, frail 1,
high MP 1
a: no special abilities


You were on level 7 of the Dungeon.
You visited 1 branch of the dungeon, and saw 7 of its levels.

You collected 317 gold pieces.


Innate Abilities, Weirdness & Mutations

You are immune to sickness and miasma.
Your stone body is resilient. (AC +6)
You are immune to poison.
You resist negative energy. (rN+)
You are resistant to electric shocks. (rElec)
You are resistant to unholy torment.
You are immune to petrification.
You have large cloven feet.
You are frail. (-10% HP)
You have an increased reservoir of magic. (+10% MP)


   Skills:
 - Level 6.0 Fighting
 - Level 9.0 Axes
 - Level 5.3 Armour
 - Level 1.3 Dodging
 + Level 3.8 Shields


You had 8 spell levels left.
You didn't know any spells.
Your spell library was empty.

Inventory:

Hand Weapons
 a - a +0 war axe
 h - a +0 vampiric war axe (weapon)
 o - a +0 heavy flail
Armour
 b - the scarf of Enweus {harm, rPois rCorr Str-3}
   (You acquired it on level 4 of the Dungeon)

   Str:       It affects your strength (-3).
   rPois:     It protects you from poison.
   rCorr:     It protects you from acid and corrosion.
 c - a +0 buckler (worn)
 f - a +0 pair of gloves (worn)
 l - a +3 plate armour (worn)
 n - a +0 pair of boots (worn)
Scrolls
 m - a scroll of identify
Potions
 d - a potion of might
 i - a potion of resistance
 j - a potion of haste {unknown}
 k - a potion of invisibility {unknown}
 q - a potion of enlightenment {unknown}

Dungeon Overview and Level Annotations

Branches:
Dungeon (7/15)
 Temple: D:4-7

Altars:
Kikubaaqudgha
Ru
Uskayaw
Vehumet

Shops:
D:1 [   D:6 *


Message History

You hit the ogre but do no damage.
The ogre is severely wounded.
You barely miss the white imp. You barely miss the orc warrior.
The orc warrior hits you but does no damage.
The white imp hits you but does no damage.
The ogre hits you with a +0 giant club!
4875 ||| DRINKING potion of heal wounds.
You feel much better. The white imp closely misses you.
The orc warrior hits you with a +0 battleaxe!
You hit the ogre but do no damage.
The ogre is severely wounded.
You hit the orc warrior but do no damage.
You hit the white imp.
The orc warrior hits you but does no damage.
The white imp barely misses you. The ogre closely misses you.
You slash the ogre!
You feel better.
You kill the ogre!
You hit the orc warrior. You hit the white imp but do no damage.
The orc warrior hits you but does no damage.
You block the white imp's attack.
The white imp hits you but does no damage.
The orc warrior hits you with a +0 battleaxe!
You hit the white imp.
The white imp is almost dead.
You hit the orc warrior but do no damage.
The orc warrior hits you but does no damage.
The white imp gestures at you. You block the puff of frost.
You slash the white imp!
You kill the white imp!
You closely miss the orc warrior.
The orc warrior hits you but does no damage.
You closely miss the orc warrior.
The orc warrior is heavily wounded.
You block the orc warrior's attack.
You barely miss the orc warrior.
The orc warrior is heavily wounded.
The orc warrior hits you with a +0 battleaxe!
You die...

### ..#
#.......#
###.###...#
#...#}#...##.
##K###.###....
# KK#.....#.. .
#.###/....###..
#K#}...<...}#..
#.###.o@..###..
#...#.$)..#....
###.###?###.##.
#...#}#h..#
##..###.### #.
... # #. ###


You could see an orc warrior, a kobold brigand, a hound and 2 kobolds.

Vanquished Creatures
  Eustachio (D:6)
  An ice beast (D:6)
  2 black bears
  4 ogres
  A phantom (D:6)
  2 kobold brigands (D:6)
  5 scorpions
  A howler monkey (D:5)
  2 gnoll boudas (D:6)
  4 hounds
  An orc priest (D:5)
  3 iguanas
  2 orc wizards
  13 gnolls (D:6)
  3 adders
  A white imp (D:7)
  2 ufetubi
  A worm (D:2)
  3 dart slugs
  17 orcs
  A bat zombie (D:5)
  4 endoplasms
  2 giant cockroaches
  5 goblins
  9 hobgoblins
  15 kobolds
  A quokka (D:1)
  4 ball pythons
  3 bats
  2 frilled lizards (D:1)
  9 rats
  A rat zombie (D:5)
125 creatures vanquished.

Notes
Turn   | Place    | Note
-------+----------+-------------------------------------------
     0 | D:1      | qw the Gargoyle Fighter began the quest for the Orb.
     0 | D:1      | Reached XP level 1. HP: 14/14 MP: 1/1
     0 | D:1      | 0 ||| qw: Version: 0.2-a-29-gc1b59c4
     0 | D:1      | 0 ||| qw: Game counter: 4288
     0 | D:1      | 0 ||| qw: Always use a shield: true
     0 | D:1      | 0 ||| qw: God list: Okawaru
     0 | D:1      | 0 ||| qw: Allow faded altars: false
     0 | D:1      | 0 ||| qw: Do Orc after D:15 true
     0 | D:1      | 0 ||| qw: Do second Lair branch before Depths: true
     0 | D:1      | 0 ||| qw: Lair rune preference: random
     0 | D:1      | 0 ||| qw: Plans: Normal, Zot:1-4, Slime:5, God:TSO, Crypt,
                  | Tomb, Abyss, Pan, Hells, Win
     0 | D:1      | 0 ||| PLANNING D:1-11
    35 | D:1      | 35 ||| Stepping ~*~*~tactically~*~*~ (stealth).
    38 | D:1      | 38 ||| Stepping ~*~*~tactically~*~*~ (stealth).
    42 | D:1      | Reached skill level 2 in Axes
   117 | D:1      | Reached XP level 2. HP: 19/19 MP: 2/2
   240 | D:1      | Found Kymi's Armour Shoppe.
   257 | D:1      | 257 ||| SHOPLISTING +0 pair of gloves (54 gold, have 11).
   257 | D:1      | 257 ||| SHOPLISTING +0 pair of gloves of dexterity (138
                  | gold, have 11).
   257 | D:1      | 257 ||| SHOPLISTING +0 pair of gloves of hurling (138 gold,
                  | have 11).
   257 | D:1      | 257 ||| SHOPLISTING +1 scale mail of cold resistance (192
                  | gold, have 11).
   257 | D:1      | 257 ||| SHOPLISTING +2 plate armour of cold resistance (480
                  | gold, have 11).
   257 | D:1      | 257 ||| SHOPLISTING +9 chain mail of Muttered Phrases
                  | {Int-2 Dex+6} (778 gold, have 11).
   295 | D:1      | 295 ||| DROPPING +0 club.
   737 | D:1      | 737 ||| UPGRADING to +0 pair of gloves.
   742 | D:1      | 742 ||| READING scroll labelled JINIUC XIOJE.
   811 | D:1      | 811 ||| READING scroll labelled NERIDA RIZ XUZ.
   812 | D:1      | 812 ||| READING scroll labelled BIOGERO RAREWK.
   813 | D:1      | 813 ||| READING scroll labelled SELYURU ZACW.
   814 | D:1      | 814 ||| READING 2 scrolls labelled CILYRCHOISI.
   818 | D:1      | 818 ||| READING scroll labelled GULUAC TICH.
   819 | D:1      | 819 ||| READING scroll labelled ISSEER PEOMM.
   945 | D:2      | Reached skill level 3 in Axes
   976 | D:2      | Reached XP level 3. HP: 23/23 MP: 3/3
   986 | D:2      | Noticed a scorpion
   998 | D:2      | Killed a scorpion
   999 | D:2      | Reached skill level 4 in Axes
   999 | D:2      | Reached XP level 4. HP: 25/28 MP: 4/4
  1345 | D:2      | 1345 ||| Stepping ~*~*~tactically~*~*~ (hiding).
  1552 | D:2      | 1552 ||| READING scroll labelled PIARHU RUISYQ.
  1653 | D:2      | 1653 ||| READING scroll labelled TAGOMA UTYSY.
  1654 | D:2      | 1654 ||| READING 2 scrolls labelled CYT AFAALUS.
  1655 | D:2      | 1655 ||| DROPPING scroll of amnesia.
  2305 | D:3      | 2305 ||| Stepping ~*~*~tactically~*~*~ (hiding).
  2316 | D:3      | Reached XP level 5. HP: 32/32 MP: 5/5
  2420 | D:3      | 2420 ||| READING scroll labelled FEZAOB ROR WACYTUS.
  2421 | D:3      | 2421 ||| READING scroll labelled GAULEV LIJU.
  2422 | D:3      | 2422 ||| DRINKING 2 golden potions.
  2470 | D:4      | Noticed a black bear
  2481 | D:4      | 2481 ||| STAIRDANCE
  2490 | D:3      | Killed a black bear
  2491 | D:3      | Reached skill level 5 in Axes
  2615 | D:4      | 2615 ||| Stepping ~*~*~tactically~*~*~ (hiding).
  2731 | D:4      | Noticed a +0 hand axe
  2731 | D:4      | Noticed a +0 dagger
  2733 | D:4      | Noticed an ogre
  2738 | D:4      | HP: 3/32 [ogre/+0 giant club (18)]
  2739 | D:4      | 2739 ||| READING scroll of teleportation.
  2740 | D:4      | 2740 ||| DRINKING potion of heal wounds.
  2743 | D:4      | Killed an ogre
  2744 | D:4      | Reached XP level 6. HP: 39/39 MP: 6/6
  2745 | D:4      | 2745 ||| Stepping ~*~*~tactically~*~*~ (stealth).
  2746 | D:4      | 2746 ||| Stepping ~*~*~tactically~*~*~ (stealth).
  2747 | D:4      | 2747 ||| Stepping ~*~*~tactically~*~*~ (stealth).
  2762 | D:4      | 2762 ||| DROPPING +0 whip.
  2823 | D:4      | Found a hide-covered altar of Uskayaw.
  2844 | D:4      | Reached skill level 1 in Dodging
  2964 | D:4      | 2964 ||| UPGRADING to +3 plate armour.
  2974 | D:4      | 2974 ||| DROPPING +0 scale mail.
  2975 | D:4      | 2975 ||| READING scroll labelled ZOLITE KISHRE.
  2975 | D:4      | Identified a scroll of acquirement
  2975 | D:4      | 2975 ||| ACQUIRING scarf of Enweus {harm, rPois rCorr
                  | Str-3}
  2975 | D:4      | Acquired the scarf of Enweus {harm, rPois rCorr Str-3}
  2977 | D:4      | 2977 ||| READING 2 scrolls of identify.
  2977 | D:4      | 2977 ||| IDENTIFYING pink potion
  2978 | D:4      | 2978 ||| DROPPING potion of degeneration.
  3002 | D:5      | Entered Level 5 of the Dungeon
  3084 | D:5      | Reached XP level 7. HP: 21/44 MP: 7/7
  3202 | D:5      | Reached skill level 6 in Axes
  3283 | D:5      | Found a sacrificial altar of Ru.
  3463 | D:5      | 3463 ||| Stepping ~*~*~tactically~*~*~ (stealth).
  3464 | D:5      | 3464 ||| Stepping ~*~*~tactically~*~*~ (stealth).
  3859 | D:5      | Found an ancient bone altar of Kikubaaqudgha.
  3872 | D:5      | Found a radiant altar of Vehumet.
  4013 | D:5      | 4013 ||| UPGRADING to +0 pair of boots.
  4018 | D:5      | 4018 ||| DROPPING ring of wizardry.
  4019 | D:5      | 4019 ||| READING scroll labelled NONIONNEUPP.
  4020 | D:5      | 4020 ||| READING scroll labelled TUCAGR LYRODEPS.
  4021 | D:5      | 4021 ||| READING 2 scrolls of identify.
  4021 | D:5      | 4021 ||| IDENTIFYING brown potion
  4066 | D:6      | Reached skill level 7 in Axes
  4073 | D:6      | Reached XP level 8. HP: 48/48 MP: 8/8
  4080 | D:6      | 4080 ||| STAIRDANCE
  4084 | D:6      | 4084 ||| STAIRDANCE
  4088 | D:6      | 4088 ||| STAIRDANCE
  4092 | D:6      | 4092 ||| STAIRDANCE
  4096 | D:6      | 4096 ||| STAIRDANCE
  4100 | D:6      | 4100 ||| STAIRDANCE
  4104 | D:6      | 4104 ||| STAIRDANCE
  4108 | D:6      | 4108 ||| STAIRDANCE
  4112 | D:6      | 4112 ||| STAIRDANCE
  4116 | D:6      | 4116 ||| STAIRDANCE
  4120 | D:6      | 4120 ||| STAIRDANCE
  4124 | D:6      | 4124 ||| STAIRDANCE
  4128 | D:6      | 4128 ||| STAIRDANCE
  4132 | D:6      | 4132 ||| STAIRDANCE
  4136 | D:6      | 4136 ||| STAIRDANCE
  4140 | D:6      | 4140 ||| STAIRDANCE
  4144 | D:6      | 4144 ||| STAIRDANCE
  4148 | D:6      | 4148 ||| STAIRDANCE
  4152 | D:6      | 4152 ||| STAIRDANCE
  4156 | D:6      | 4156 ||| STAIRDANCE
  4171 | D:6      | 4171 ||| FLEEEEING.
  4172 | D:6      | 4172 ||| FLEEEEING.
  4189 | D:6      | 4189 ||| FLEEEEING.
  4190 | D:6      | 4190 ||| FLEEEEING.
  4190 | D:6      | Found Itrisimp's CLEARANCE SALE!.
  4191 | D:6      | 4191 ||| FLEEEEING.
  4192 | D:6      | 4192 ||| FLEEEEING.
  4193 | D:6      | 4193 ||| FLEEEEING.
  4195 | D:6      | 4195 ||| FLEEEEING.
  4316 | D:6      | Reached skill level 8 in Axes
  4335 | D:6      | 4335 ||| DROPPING +0 flail.
  4617 | D:6      | 4617 ||| Stepping ~*~*~tactically~*~*~ (hiding).
  4623 | D:6      | Reached skill level 6 in Fighting
  4710 | D:6      | Noticed Eustachio
  4731 | D:6      | Killed Eustachio
  4732 | D:6      | Reached XP level 9. HP: 50/55 MP: 9/9
  4839 | D:6      | 4839 ||| DRINKING 2 lumpy emerald potions.
  4839 | D:6      | Gained mutation: You are frail. (-10% HP) [potion of
                  | mutation]
  4840 | D:6      | 4840 ||| DRINKING potion of mutation.
  4840 | D:6      | Lost mutation: You are frail. (-10% HP) [potion of
                  | mutation]
  4840 | D:6      | Gained mutation: You have an increased reservoir of magic.
                  | (+10% MP) [potion of mutation]
  4840 | D:6      | Gained mutation: You are frail. (-10% HP) [potion of
                  | mutation]
  4840 | D:6      | Gained mutation: You have large cloven feet. [potion of
                  | mutation]
  4841 | D:6      | 4841 ||| READING 2 scrolls of identify.
  4841 | D:6      | 4841 ||| IDENTIFYING fizzy inky potion
  4842 | D:6      | 4842 ||| DROPPING potion of brilliance.
  4864 | D:7      | HP: 10/49 [ogre/+0 giant club (15)]
  4864 | D:7      | HP: 3/49 [iguana (5)]
  4865 | D:7      | 4865 ||| DRINKING 3 potions of heal wounds.
  4868 | D:7      | 4868 ||| DRINKING 2 potions of heal wounds.
  4872 | D:7      | Reached skill level 9 in Axes
  4874 | D:7      | HP: 8/49 [ogre/+0 giant club (13)]
  4875 | D:7      | 4875 ||| DRINKING potion of heal wounds.
  4881 | D:7      | Slain by an orc warrior

Levels and vault maps discovered:
D:1:      erik_arrival_cave_to_civilisation [erik_arrival_cave_to_hall],
          layout_basic, serial_shops, shop_statue
D:2:      layout_basic, grunt_decor_mini_mirrors
D:3:      layout_basic, minmay_parallelograms
D:4:      layout_rooms, dancing_weapons_uskayaw
D:5:      layout_gridville, nicolae_overflow_hidden_temple,
          lemuel_zombie_altar_kikubaaqudgha, nicolae_ru_the_path_less_chosen
D:6:      layout_cave_pools, nicolae_shop_clearance, uniq_eustachio
D:7:      layout_rooms, nicolae_overflow_hallway_of_the_gods,
          minmay_temple_entry_poolview, minivault_1, nicolae_fountain_basement

Skill      XL: |  1  2  3  4  5  6  7  8  9 |
---------------+----------------------------+-----
Axes           | 2 3 4 5 7 8 9 |  9.0
Fighting       | 4 6 |  6.0
Dodging        | 1 |  1.3
Armour         | 4 5 |  5.3
Shields        | |  3.8

Action                     |  1- 3 |  4- 6 |  7- 9 || total
---------------------------+-------+-------+-------++-------
  Melee: War axe           |   103 |   114 |   260 ||   477
  Throw: Boomerang         |       |     1 |       ||     1
    Use: Scroll            |     7 |     8 |     4 ||    19
         Potion            |       |     2 |     5 ||     7
 Armour: Scale mail        |    54 |    61 |       ||   115
         Plate armour      |       |     4 |   276 ||   280
  Dodge: Dodged            |    55 |    51 |   130 ||   236
  Block: Buckler           |    21 |    22 |    66 ||   109

Table legend:
 A = Non-vault XP
 B = Vault XP
 C = Vault XP percentage of total XP
 D = Non-vault monster count
 E = Vault monster count
 F = Vault count percentage of total count
                 A         B        C        D         E       F
            +---------+---------+-------+---------+---------+-------
      Total |    2317 |     403 |  14.8 |     117 |       8 |   6.4
            +---------+---------+-------+---------+---------+-------
        D:1 |      22 |       3 |  12.0 |      15 |       2 |  11.8
        D:2 |     117 |       0 |   0.0 |      15 |       0 |   0.0
        D:3 |     151 |       0 |   0.0 |      13 |       0 |   0.0
        D:4 |     227 |       0 |   0.0 |      11 |       0 |   0.0
        D:5 |     666 |       3 |   0.4 |      21 |       2 |   8.7
        D:6 |    1124 |     203 |  15.3 |      41 |       1 |   2.4
        D:7 |      10 |     194 |  95.1 |       1 |       3 |  75.0
            +---------+---------+-------+---------+---------+-------
